PBF
SAMOA NAUTILUS @ PAPEETE BLACK PEARLS
04/19/2066
 
TOP OF THE 1ST
Samoa Nautilus batting - Pitching for Papeete Black Pearls : LHP Christophe Gooding
Pitching: LHP Christophe Gooding
Batting: LHB Poasa Sanford 0-0: Foul Ball, location: 2F
0-1: SINGLE (Groundball, 6MD, EV 100.0 MPH)
Batting: LHB Clive Narayan 0-0: Ball
1-0: Called Strike
Poasa Sanford is caught stealing 2nd base 2-6
1-1: Swinging Strike
1-2: Strikes out swinging
Batting: SHB Liam Enesi 0-0: Called Strike
0-1: Ball
1-1: Ball
2-1: Foul Ball, location: 2F
2-2: Foul Ball, location: 2F
2-2: Ball
3-2: Foul Ball, location: 9LSF
3-2: DOUBLE (Flyball, 8LXD, EV 98.8 MPH)
Batting: RHB Semo Mika 0-0: Ball
1-0: Ball
2-0: Foul Ball, location: 2F
2-1: Ball
3-1: Base on Balls
Batting: RHB Benjamin Godot 0-0: Called Strike
0-1: Swinging Strike
0-2: Ball
1-2: SINGLE (Flyball, 78S, EV 97.5 MPH)
Liam Enesi to third
Semo Mika to second
Runner from 3rd tries for Home, SAFE, throw by LF to home
Batting: RHB Riley Solaita 0-0: Ball
1-0: Swinging Strike
1-1: Ball
2-1: Ground out 5-3 (Groundball, 56S, EV 84.4 MPH)
Top of the 1st over - 1 run, 3 hits, 0 errors, 2 left on base; Samoa 1 - Papeete 0
BOTTOM OF THE 1ST
Papeete Black Pearls batting - Pitching for Samoa Nautilus : LHP Loïc Olivier
Pitching: LHP Loïc Olivier
Batting: LHB Frédéric Wema 0-0: Ground out 4-3 (Groundball, 34D, EV 95.0 MPH)
Batting: RHB Max Moananu 0-0: Swinging Strike
0-1: Ball
1-1: Swinging Strike
1-2: Strikes out looking
Batting: LHB Rodney Ve'ehala 0-0: Ball
1-0: Fly out, F7 (Line Drive, 7, EV 105.0 MPH)
Bottom of the 1st over - 0 runs, 0 hits, 0 errors, 0 left on base; Samoa 1 - Papeete 0
TOP OF THE 2ND
Samoa Nautilus batting - Pitching for Papeete Black Pearls : LHP Christophe Gooding
Batting: RHB Marc Brown 0-0: Swinging Strike
0-1: Ground out 5-3 (Groundball, 56, EV 90.6 MPH)
Batting: LHB Noël Tessier 0-0: Ball
1-0: Ball
2-0: Swinging Strike
2-1: Ground out U3 (Groundball, 3L, EV 75.6 MPH)
Batting: LHB Riley Halangahu 0-0: Called Strike
0-1: Ball
1-1: SINGLE (Groundball, 6MD, EV 106.3 MPH)
Batting: LHB Poasa Sanford 0-0: Swinging Strike
0-1: Called Strike
0-2: Ball
1-2: Ball
2-2: Ball
3-2: SINGLE (Groundball, P, EV 83.1 MPH) (infield hit)
Riley Halangahu to second
Batting: LHB Clive Narayan 0-0: Ground out U3 (Groundball, 3S, EV 86.3 MPH)
Top of the 2nd over - 0 runs, 2 hits, 0 errors, 2 left on base; Samoa 1 - Papeete 0
BOTTOM OF THE 2ND
Papeete Black Pearls batting - Pitching for Samoa Nautilus : LHP Loïc Olivier
Batting: RHB Tevairoa Deane 0-0: Ground out 3-1 (Groundball, 34, EV 85.6 MPH)
Batting: RHB Jérôme Lakafia 0-0: Ball
1-0: Foul Ball, location: 5DF
1-1: Fly out, F8 (Flyball, 8RXD, EV 91.9 MPH)
Batting: RHB Savenaca Sadria 0-0: Ball
1-0: Called Strike
1-1: Called Strike
1-2: TRIPLE (Line Drive, 9LD, EV 104.4 MPH)
Batting: RHB Jerry Dau 0-0: Ball
1-0: SINGLE (Line Drive, 6MD, EV 104.4 MPH)
Savenaca Sadria scores
Batting: RHB Doug Dabbs 0-0: Swinging Strike
0-1: Swinging Strike
0-2: Ball
1-2: Strikes out swinging
Bottom of the 2nd over - 1 run, 2 hits, 0 errors, 1 left on base; Samoa 1 - Papeete 1
TOP OF THE 3RD
Samoa Nautilus batting - Pitching for Papeete Black Pearls : LHP Christophe Gooding
Batting: SHB Liam Enesi 0-0: Ball
1-0: Ball
2-0: SOLO HOME RUN (Flyball, 7D, EV 99.4 MPH), Distance : 406 ft
Batting: RHB Semo Mika 0-0: Called Strike
0-1: Foul Ball, location: 5DF
0-2: Ball
1-2: Ball
2-2: Ball
3-2: Ground out U3 (Groundball, 34, EV 91.9 MPH)
Batting: RHB Benjamin Godot 0-0: Ball
1-0: Called Strike
1-1: Called Strike
1-2: Strikes out looking
Batting: RHB Riley Solaita 0-0: Called Strike
0-1: Ball
1-1: Ball
2-1: Foul Ball, location: 9LSF
2-2: Ball
3-2: Fly out, F1 (Popup, P, EV 80.0 MPH)
Top of the 3rd over - 1 run, 1 hit, 0 errors, 0 left on base; Samoa 2 - Papeete 1
BOTTOM OF THE 3RD
Papeete Black Pearls batting - Pitching for Samoa Nautilus : LHP Loïc Olivier
Batting: RHB Mateo Tofa 0-0: Ground out 4-3 (Groundball, 4M, EV 101.3 MPH)
Batting: LHB Frédéric Wema 0-0: Ball
1-0: Ball
2-0: Fly out, F9 (Flyball, 89D, EV 106.9 MPH)
Batting: RHB Max Moananu 0-0: Called Strike
0-1: Ball
1-1: Ball
2-1: Ball
3-1: Called Strike
3-2: Base on Balls
Batting: LHB Rodney Ve'ehala 0-0: Ball
1-0: Swinging Strike
1-1: Called Strike
1-2: Ball
2-2: Ball
3-2: Strikes out swinging
Bottom of the 3rd over - 0 runs, 0 hits, 0 errors, 1 left on base; Samoa 2 - Papeete 1
TOP OF THE 4TH
Samoa Nautilus batting - Pitching for Papeete Black Pearls : LHP Christophe Gooding
Batting: RHB Marc Brown 0-0: Swinging Strike
0-1: Ball
1-1: Ball
2-1: Ball
3-1: Foul Ball, location: 3F
3-2: Foul Ball, location: 2F
3-2: Ground out 4-3 (Groundball, 4S, EV 92.5 MPH)
Batting: LHB Noël Tessier 0-0: Ball
1-0: Foul Ball, location: 7LDF
1-1: Swinging Strike
1-2: Ball
2-2: Foul Ball, location: 7LMFF
2-2: Fly out, F7 (Line Drive, 78M, EV 99.4 MPH)
Batting: LHB Riley Halangahu 0-0: Ball
1-0: Called Strike
1-1: Ball
2-1: Ball
3-1: Foul Ball, location: 2F
3-2: Strikes out swinging
Top of the 4th over - 0 runs, 0 hits, 0 errors, 0 left on base; Samoa 2 - Papeete 1
BOTTOM OF THE 4TH
Papeete Black Pearls batting - Pitching for Samoa Nautilus : LHP Loïc Olivier
Batting: RHB Tevairoa Deane 0-0: SOLO HOME RUN (Flyball, 89XD, EV 104.4 MPH), Distance : 420 ft
Batting: RHB Jérôme Lakafia 0-0: Ball
1-0: Swinging Strike
1-1: Swinging Strike
1-2: Foul Ball, location: 2F
1-2: Foul Ball, location: 23FF
1-2: Foul Ball, location: 25F
1-2: SINGLE (Flyball, 34D, EV 92.5 MPH)
Batting: RHB Savenaca Sadria 0-0: Called Strike
0-1: Grounds into double play, 4-6-3 (Groundball, 4, EV 86.9 MPH)
Batting: RHB Jerry Dau 0-0: Ball
1-0: Ball
2-0: Called Strike
2-1: Called Strike
2-2: Ball
3-2: Base on Balls
Batting: RHB Doug Dabbs 0-0: Ball
1-0: Ball
2-0: Ball
3-0: Base on Balls
Jerry Dau to second
Batting: RHB Mateo Tofa 0-0: Swinging Strike
0-1: Ball
1-1: Swinging Strike
1-2: Ball
2-2: Ball
3-2: Strikes out looking
Bottom of the 4th over - 1 run, 2 hits, 0 errors, 2 left on base; Samoa 2 - Papeete 2
TOP OF THE 5TH
Samoa Nautilus batting - Pitching for Papeete Black Pearls : LHP Christophe Gooding
Pitching: RHP Jonathan Ralulu
Now at C: Zenon-Alejandro Cleto
Now at 2B: Mathis Tepa
Now at 3B: Isa Savu
Now at SS: Savenaca Sadria
Now in LF: Riley Peters
Now in CF: Murugayan Canonizado
Now in RF: Edilberto Auditor
Pinch Hitting: RHB Steven Ajapuhnya 0-0: Foul Ball, location: 2F
0-1: Ball
1-1: Swinging Strike
1-2: Ground out 5-3 (Groundball, 56, EV 105.6 MPH)
Batting: LHB Clive Narayan 0-0: Called Strike
0-1: Called Strike
0-2: Ball
1-2: Ball
2-2: Fly out, F9 (Flyball, 89S, EV 93.1 MPH)
Batting: SHB Liam Enesi 0-0: Ball
1-0: Swinging Strike
1-1: Ball
2-1: Swinging Strike
2-2: SOLO HOME RUN (Flyball, 89XD, EV 106.3 MPH), Distance : 427 ft
Batting: RHB Semo Mika 0-0: Ball
1-0: Ground out 5-3 (Groundball, 56, EV 81.9 MPH)
Top of the 5th over - 1 run, 1 hit, 0 errors, 0 left on base; Samoa 3 - Papeete 2
BOTTOM OF THE 5TH
Papeete Black Pearls batting - Pitching for Samoa Nautilus : LHP Loïc Olivier
Now at C: Simon Alofipo
Now at 1B: Neil Ila
Now at 2B: Tristan Bordes
Now at 3B: Frederic Kabeu
Now in LF: Panweichi Pua
Now in CF: Steven Ajapuhnya
Batting: LHB Edilberto Auditor 0-0: Ground out 4-3 (Groundball, 4M, EV 83.8 MPH)
Batting: LHB Isa Savu 0-0: Foul Ball, location: 7LSFF
0-1: Ball
1-1: Ball
2-1: Swinging Strike
2-2: Strikes out swinging
Batting: LHB Rodney Ve'ehala 0-0: Foul Ball, location: 2F
0-1: Ball
1-1: Foul Ball, location: 2F
1-2: TRIPLE (Flyball, 78XD, EV 101.9 MPH)
Batting: RHB Livai Matavesi 0-0: Ball
1-0: Ball
2-0: Foul Ball, location: 9LSF
2-1: Ball
3-1: Called Strike
3-2: Foul Ball, location: 3DF
3-2: Fly out, F3 (Popup, 23F, EV 83.1 MPH)
Bottom of the 5th over - 0 runs, 1 hit, 0 errors, 1 left on base; Samoa 3 - Papeete 2
TOP OF THE 6TH
Samoa Nautilus batting - Pitching for Papeete Black Pearls : RHP Jonathan Ralulu
Batting: RHB Neil Ila 0-0: Ball
1-0: Fly out, F7 (Flyball, 78M, EV 86.3 MPH)
Batting: SHB Griff William 0-0: Called Strike
0-1: Fly out, F7 (Line Drive, 78S, EV 108.8 MPH)
Batting: RHB Marc Brown 0-0: Ball
1-0: Ball
2-0: Ball
3-0: Foul Ball, location: 5F
3-1: Foul Ball, location: 7LDF
3-2: Foul Ball, location: 2F
3-2: Foul Ball, location: 2F
3-2: Foul Ball, location: 2F
3-2: Foul Ball, location: 23FF
3-2: Foul Ball, location: 2F
3-2: Foul Ball, location: 25FF
3-2: Base on Balls
Batting: RHB Simon Alofipo 0-0: Ball
1-0: Swinging Strike
1-1: Foul Ball, location: 2F
1-2: Fielders Choice at 2nd, 5-4 (Groundball, 56, EV 105.6 MPH)
Top of the 6th over - 0 runs, 0 hits, 0 errors, 1 left on base; Samoa 3 - Papeete 2
BOTTOM OF THE 6TH
Papeete Black Pearls batting - Pitching for Samoa Nautilus : LHP Loïc Olivier
Pitching: RHP Frank Wells
Batting: RHB Murugayan Canonizado 0-0: Called Strike
0-1: Called Strike
0-2: Ball
1-2: Ball
2-2: Foul Ball, location: 9LDF
2-2: Strikes out swinging
Pinch Hitting: RHB Glen Gawi 0-0: Called Strike
0-1: Ground out 2-3 (Groundball, 15S, EV 65.6 MPH)
Batting: SHB Riley Peters 0-0: Called Strike
0-1: Foul Ball, location: 9LMFF
0-2: Foul Ball, location: 23FF
0-2: Fly out, F9 (Line Drive, 9, EV 91.3 MPH)
Bottom of the 6th over - 0 runs, 0 hits, 0 errors, 0 left on base; Samoa 3 - Papeete 2
TOP OF THE 7TH
Samoa Nautilus batting - Pitching for Papeete Black Pearls : RHP Jonathan Ralulu
Pitching: LHP Mickael Lambert
Now at 1B: Les William
Now at SS: Glen Gawi
Batting: RHB Frederic Kabeu 0-0: Called Strike
0-1: Foul Ball, location: 9LSF
0-2: Strikes out swinging
Pitching: RHP Matthew Vai
Batting: RHB Steven Ajapuhnya 0-0: Ball
1-0: Ball
2-0: Ball
3-0: Called Strike
3-1: Ground out 5-3 (Groundball, 5, EV 101.9 MPH)
Batting: RHB Panweichi Pua 0-0: Ball
1-0: Called Strike
1-1: Foul Ball, location: 7LSF
1-2: Foul Ball, location: 2F
1-2: Ball
2-2: Foul Ball, location: 9LMF
2-2: Ball
3-2: Foul Ball, location: 2F
3-2: Foul Ball, location: 3F
3-2: Foul Ball, location: 9LMF
3-2: Strikes out looking
Top of the 7th over - 0 runs, 0 hits, 0 errors, 0 left on base; Samoa 3 - Papeete 2
BOTTOM OF THE 7TH
Papeete Black Pearls batting - Pitching for Samoa Nautilus : RHP Frank Wells
Pinch Hitting: LHB Alan Wendt 0-0: Ball
1-0: Ground out 4-3 (Groundball, 34, EV 108.1 MPH)
Batting: RHB Zenon-Alejandro Cleto 0-0: Ball
1-0: Called Strike
1-1: Ball
2-1: DOUBLE (Line Drive, 78D, EV 98.1 MPH)
Batting: LHB Edilberto Auditor 0-0: Foul Ball, location: 2LF
0-1: DOUBLE (Flyball, 89XD, EV 103.8 MPH)
Zenon-Alejandro Cleto scores
Batting: LHB Isa Savu 0-0: Foul Ball, location: 7LMF
0-1: Ball
1-1: Ball
2-1: Ball
3-1: Fly out, F7 (Flyball, 7LM, EV 87.5 MPH)
Pinch Hitting: LHB Sze Chien 0-0: Ball
1-0: Swinging Strike
1-1: SINGLE (Line Drive, 4D, EV 106.9 MPH)
Edilberto Auditor to third
Runner from 3rd tries for Home, SAFE, throw by RF to home
Batting: RHB Livai Matavesi 0-0: Foul Ball, location: 2F
0-1: Ball
1-1: SINGLE (Line Drive, 6MD, EV 96.9 MPH)
Sze Chien to second
Runner from 2nd tries for 3rd, SAFE, no throw by CF
Batting: RHB Murugayan Canonizado 0-0: Called Strike
0-1: Ball
1-1: Ball
2-1: SINGLE (Groundball, 4S, EV 68.1 MPH) (infield hit)
Sze Chien scores
Livai Matavesi to second
Batting: RHB Glen Gawi 0-0: Ball
1-0: Called Strike
1-1: Foul Ball, location: 2F
1-2: Ball
2-2: SINGLE (Line Drive, 56, EV 98.8 MPH)
Livai Matavesi to third
Murugayan Canonizado to second
Pitching: LHP Nicholas Feni
Batting: SHB Riley Peters 0-0: SINGLE (Line Drive, 8LS, EV 101.3 MPH)
Livai Matavesi scores
Murugayan Canonizado to third
Glen Gawi to second
Runner from 3rd tries for Home, SAFE, throw by CF to home
Batting: LHB Alan Wendt 0-0: Called Strike
0-1: Ball
1-1: Called Strike
1-2: Ball
2-2: Fielders Choice at 3rd, U5 (Groundball, 5, EV 85.0 MPH)
Bottom of the 7th over - 5 runs, 7 hits, 0 errors, 1 left on base; Samoa 3 - Papeete 7
TOP OF THE 8TH
Samoa Nautilus batting - Pitching for Papeete Black Pearls : RHP Matthew Vai
Now at 1B: Kata Yamamoto
Now at 2B: Aurélien Devillers
Batting: SHB Liam Enesi 0-0: Called Strike
0-1: Ball
1-1: Ball
2-1: Called Strike
2-2: Foul Ball, location: 5F
2-2: Ball
3-2: Base on Balls
Batting: RHB Tristan Bordes 0-0: Called Strike
0-1: Ball
1-1: Swinging Strike
1-2: Strikes out looking
Batting: RHB Neil Ila 0-0: Grounds into double play, 4-6-3 (Groundball, 4, EV 99.4 MPH)
Top of the 8th over - 0 runs, 0 hits, 0 errors, 0 left on base; Samoa 3 - Papeete 7
BOTTOM OF THE 8TH
Papeete Black Pearls batting - Pitching for Samoa Nautilus : LHP Nicholas Feni
Batting: RHB Zenon-Alejandro Cleto 0-0: Ball
1-0: Called Strike
1-1: Foul Ball, location: 2F
1-2: Strikes out swinging
Batting: LHB Edilberto Auditor 0-0: Called Strike
0-1: Swinging Strike
0-2: Fly out, F7 (Flyball, 7, EV 81.3 MPH)
Pinch Hitting: RHB Alexander Nadredre 0-0: Foul Ball, location: 23F
0-1: Ball
1-1: Foul Ball, location: 5SF
1-2: Foul Ball, location: 5DF
1-2: Strikes out swinging
Bottom of the 8th over - 0 runs, 0 hits, 0 errors, 0 left on base; Samoa 3 - Papeete 7
TOP OF THE 9TH
Samoa Nautilus batting - Pitching for Papeete Black Pearls : RHP Matthew Vai
Pitching: RHP Poto Lopamaua
Now at 3B: Alexander Nadredre
Batting: SHB Griff William 0-0: Ball
1-0: Foul Ball, location: 9LMF
1-1: Foul Ball, location: 23FF
1-2: Foul Ball, location: 2F
1-2: Ball
2-2: Ball
3-2: SINGLE (Line Drive, 9S, EV 91.9 MPH)
Batting: RHB Marc Brown 0-0: Foul Ball, location: 7LDF
0-1: Ball
1-1: Grounds into double play, 4-6-3 (Groundball, 4, EV 83.1 MPH)
Batting: RHB Simon Alofipo 0-0: Called Strike
0-1: Called Strike
0-2: Foul Ball, location: 9LDF
0-2: Strikes out swinging
Top of the 9th over - 0 runs, 1 hit, 0 errors, 0 left on base; Samoa 3 - Papeete 7
Saturday, May 4th , 2024 - OOTP Baseball 24.9 Build 80